 Dungeon Crawl Stone Soup version 0.29.1-15-g9cfb28693d (webtiles) character file.

Game seed: 7261118450252842062

43 H0rd4k the Charlatan (level 3, -2/24 HPs)
             Began as an Octopode Artificer on Mar 8, 2023.
             Slain by a goblin
             ... wielding a +0 dagger
             ... led by Robin
              (5 damage)
             ... on level 2 of the Dungeon.
             The game lasted 00:01:14 (1943 turns).

H0rd4k the Charlatan (Octopode Artificer)           Turns: 1943, Time: 00:01:15

Health: -2/24      AC:  1    Str: 11    XL:     3   Next: 58%
Magic:  5/5        EV: 13    Int: 15    God:
Gold:   104        SH:  0    Dex: 12    Spells: 5/5 levels left

rFire   . . .      SeeInvis .     - Unarmed
rCold   . . .      Faith    .   (no shield)
rNeg    . . .      Spirit   .   (helmet restricted)
rPois   .          Reflect  .   (no amulet)
rElec   .          Harm     .   (no ring)
rCorr   .          Rampage  .   (no ring)
Will    .....                   (no ring)
Stlth   +++.......              (no ring)
HPRegen 0.08/turn               (no ring)
MPRegen 0.09/turn               (no ring)
                                (no ring)
                                (no ring)

@: no status effects
A: almost no armour, amphibious, 8 rings, camouflage 1, gelatinous body 1,
(nimble swimmer 1), tentacles
a: no special abilities


You were on level 2 of the Dungeon.
You visited 1 branch of the dungeon, and saw 2 of its levels.

You collected 104 gold pieces.

Inventory:

Wands
 b - a wand of flame (14) (quivered)
 c - a wand of charming (13)
 d - a wand of iceblast (5)
Scrolls
 e - a scroll of silence {unknown}
 f - a scroll of enchant weapon {unknown}
 g - 3 scrolls of butterflies {unknown}
 h - a scroll of amnesia {unknown}
 i - a scroll of identify {unknown}
 k - a scroll of teleportation {unknown}
Potions
 a - a potion of curing {unknown}
 j - a potion of lignification {unknown}


   Skills:
 * Level 2.3 Fighting
 - Level 2.3 Dodging
 - Level 1.3 Stealth
 + Level 1.1 Unarmed Combat
 * Level 1.5 Spellcasting
 - Level 3.2 Evocations


You had 5 spell levels left.
You didn't know any spells.
Your spell library contained the following spells:

 Spells                   Type           Power      Damage    Failure   Level
 Foxfire                  Conj/Fire      4%         2x1d4     24%         1
 Conjure Flame            Conj/Fire      1%         6-21      56%         3
 Inner Flame              Hex/Fire       1%         N/A       56%         3
 Flame Wave               Conj/Fire      1%         2d4       93%         4


Dungeon Overview and Level Annotations

Branches:
Dungeon (2/15)

Altars:

Annotations:
D:2 Robin


Innate Abilities, Weirdness & Mutations

You cannot wear most types of armour.
You are amphibious.
You can wear up to eight rings at the same time.
Your skin changes colour to match your surroundings (Stealth+).
Your rubbery body absorbs attacks. (AC +1, EV +1)
((You are camouflaged when in or above water. (Stealth+)))
You have tentacles for arms and can constrict up to eight enemies at once.


Message History

Okay, then.
Aiming: Throw Flame
Press: ? - help, Shift-Dir - straight line, f - goblin
Aim: a goblin, wielding a +0 club (strong, 64% to hit)
The puff of flame hits the goblin!
You kill the goblin!
Aiming: Charm
Press: ? - help, Shift-Dir - straight line, f - goblin
Aim: a goblin, wielding a +0 club (strong, chance to affect: 73%)
The goblin is charmed.
Robin throws the goblin at you! The goblin barely misses you.
The hobgoblin hits your goblin.
The goblin hits your goblin with a +0 dagger.
Your goblin dies!
You tentacle-slap the goblin. You grab the goblin.
Your squeeze misses the goblin.
The goblin is heavily wounded.
You constrict the goblin.
You kill the goblin!
Robin throws the goblin at you!
You tentacle-slap the goblin. Your grab misses the goblin.
You squeeze the goblin.
You kill the goblin!
The goblin hits you but does no damage.
You closely miss the goblin. You grab the goblin. You squeeze the goblin.
You kill the goblin!
Robin barely misses you.
You closely miss the hobgoblin. Your grab misses the hobgoblin.
Your squeeze misses the hobgoblin. Robin closely misses you.
The hobgoblin hits you but does no damage.
You barely miss the hobgoblin. You grab the hobgoblin.
You constrict the hobgoblin. The hobgoblin misses you.
Robin throws the goblin at you!
You barely miss the goblin. Your grab misses the goblin.
You constrict the hobgoblin, but do no damage.
The hobgoblin hits you.
* * * LOW HITPOINT WARNING * * *
Robin hits you from afar with a +0 spear.
* * * LOW HITPOINT WARNING * * *
The goblin hits you with a +0 dagger.
You die... #........# #........ ##....... ....... ..... gw.

#g# #@#
#g# #.#
#.#####)#
#...†...#
#######.#
#.##
#..###
###....##


You could see Robin, a dart slug, a hobgoblin (strong) and a goblin (strong).

Vanquished Creatures
  A dart slug (D:2)
  4 ball pythons
  2 endoplasms (D:1)
  4 giant cockroaches (D:1)
  9 goblins
  2 hobgoblins (D:1)
  3 quokkas
  5 bats
  A frilled lizard (D:1)
  2 kobolds (D:1)
  4 rats
37 creatures vanquished.

Vanquished Creatures (others)
  2 goblins (D:2)
2 creatures vanquished.

Grand Total: 39 creatures vanquished

Notes
Turn   | Place    | Note
-------+----------+-------------------------------------------
     0 | D:1      | H0rd4k the Octopode Artificer began the quest for the Orb.
     0 | D:1      | Reached XP level 1. HP: 13/13 MP: 1/1
   287 | D:1      | Reached XP level 2. HP: 18/18 MP: 2/2
   704 | D:1      | Reached skill level 1 in Spellcasting
  1154 | D:1      | Reached XP level 3. HP: 14/24 MP: 4/4
  1930 | D:2      | Noticed Robin
  1934 | D:2      | Reached skill level 1 in Unarmed Combat
  1943 | D:2      | Slain by a goblin

Illustrated notes

Levels and vault maps discovered:
D:1:      dpeg_arrival_arbitrary_b, layout_basic
D:2:      layout_basic, uniq_robin

Skill      XL: |  1  2  3 |
---------------+----------+-----
Spellcasting   | 1 |  1.5
Fighting       | 2 |  2.3
Unarmed Combat | 1 |  1.1
Dodging        | |  2.3
Stealth        | |  1.3
Evocations     | |  3.2

Action                   || total
-------------------------++-------
Melee: Unarmed           ||   102
       Constrict         ||    34
       Tentacles         ||    19
       Punch             ||     2
Evoke: Wand              ||     3
 Stab: Sleeping          ||     6
Armor: Skin              ||    16
Dodge: Dodged            ||    76
